 Dungeon Crawl Stone Soup version 0.17.0 (webtiles) character file.

148 Senshi the Skirmisher (level 5, -2/35 HPs)
             Began as a Gargoyle Monk on Nov 20, 2015.
             Slain by an ogre
             ... wielding a +0 giant spiked club
              (3 damage)
             ... on level 4 of the Dungeon.
             The game lasted 00:05:00 (2295 turns).

Senshi the Skirmisher (Gargoyle Monk)               Turns: 2295, Time: 00:05:00

Health: -2/35      AC: 13    Str: 15    XL:     5   Next: 30%
Magic:  5/5        EV: 10    Int: 10    God:
Gold:   127        SH:  0    Dex: 13    Spells: 0 memorised, 4 levels left

rFire  . . .     SeeInvis .     C - +0 mace
rCold  . . .     Clarity  .     f - +0 scale mail
rNeg   + . .     SustAt   .     (no shield)
rPois  ∞         Gourm    .     (no helmet)
rElec  +         Spirit   .     d - +1 cloak
rCorr  .         Warding  .     y - +0 pair of gloves
rMut   .         Stasis   .     (no boots)
MR     .....                    (no amulet)
Stlth  ++........               h - ring of poison resistance
                                l - ring of stealth

@: not resistant to hostile enchantments, unstealthy
A: negative energy resistance 1, electricity resistance, unbreathing,
petrification resistance, rot immunity, AC +4
a: no special abilities


You were on level 4 of the Dungeon.
You were not hungry.

You visited 1 branch of the dungeon, and saw 4 of its levels.

You collected 127 gold pieces.

Inventory:

Hand Weapons
 r - a +0 whip
 w - a -1 whip
 x - a +1 flail
 C - a +0 mace (weapon)
Missiles
 p - 2 javelins of returning (quivered)
 D - 5 tomahawks
Armour
 a - a +0 robe
 d - a +1 cloak (worn)
 f - a +0 scale mail (worn)
 y - a +0 pair of gloves (worn)
Jewellery
 h - a ring of poison resistance (right hand)
 l - a ring of stealth (left hand)
Scrolls
 m - 2 scrolls of identify
 v - a scroll of recharging
Potions
 c - 2 potions of heal wounds
 e - a potion of curing
 k - 2 potions of might
 n - 2 potions of poison {unknown}
 s - a potion of haste {unknown}
 t - 2 potions of degeneration {unknown}
 u - a potion of invisibility {unknown}
 B - a potion of resistance {unknown}
Comestibles
 g - 2 beef jerkies
 i - a slice of pizza
 j - 2 fruits
 q - 2 meat rations


   Skills:
 + Level 5.5 Fighting
 * Level 2.4 Maces & Flails
 - Level 2.4 Dodging
 - Level 2.1 Stealth
 - Level 4.0 Unarmed Combat


You had 4 spell levels left.
You didn't know any spells.

Dungeon Overview and Level Annotations

Branches:
Dungeon (4/15)
 Temple: D:4-7

Altars:
Qazlal

Annotations:
D:3 Crazy Yiuf


Innate Abilities, Weirdness & Mutations

You are resistant to torment.
Your stone body is resilient (AC +4).
You are immune to poison.
You resist negative energy.
You are resistant to electric shocks.
You can survive without breathing.
You are immune to petrification.
You are immune to rotting.


Message History

The ogre closely misses you.
You hit the ogre.
The ogre is heavily wounded.
The ogre closely misses you.
You barely miss the ogre. Your punch misses the ogre.
The ogre is heavily wounded.
The ogre hits you with a giant spiked club!
You hit the ogre.
The ogre is severely wounded.
You barely miss the ogre.
The ogre is severely wounded.
The ogre hits you with a giant spiked club!!
Ouch! That really hurt!
* * * LOW HITPOINT WARNING * * *
You are too injured to fight recklessly!
You are too injured to fight recklessly!
You thump the ogre!
The ogre is almost dead.
The ogre hits you with a giant spiked club.
You die...

# #.####.#
#..O@..#
#........#
#........#
#........#
#........#
#........#
##########


You could see an ogre.

Vanquished Creatures
  Ijyb (D:1)
  Natasha (twice) (D:2)
  3 adders
  A worm (D:2)
  A giant gecko (D:2)
  6 orcs (D:3)
  A ball python (D:3)
  A giant cockroach (D:1)
  7 goblins
  7 hobgoblins
  2 quokkas
  6 bats
  A giant newt (D:3)
  4 kobolds
  8 rats
51 creatures vanquished.

Notes
Turn   | Place    | Note
--------------------------------------------------------------
     0 | D:1      | Senshi the Gargoyle Monk began the quest for the Orb.
     0 | D:1      | Reached XP level 1. HP: 14/14 MP: 1/1
   268 | D:1      | Reached XP level 2. HP: 17/20 MP: 2/2
   602 | D:2      | Reached XP level 3. HP: 18/24 MP: 3/3
   796 | D:2      | Noticed Ijyb
   844 | D:1      | Killed Ijyb
   844 | D:1      | Reached skill level 5 in Fighting
   844 | D:1      | Reached skill level 1 in Maces & Flails
   844 | D:1      | Reached XP level 4. HP: 31/31 MP: 4/4
   918 | D:2      | Noticed Natasha
   931 | D:2      | Killed Natasha
  1051 | D:2      | Found a stormy altar of Qazlal.
  1145 | D:2      | Noticed Natasha
  1164 | D:2      | Killed Natasha
  1441 | D:3      | Reached XP level 5. HP: 30/35 MP: 5/5
  2080 | D:3      | Noticed Crazy Yiuf
  2289 | D:4      | Noticed an ogre
  2294 | D:4      | HP: 1/35 [ogre/giant spiked club (27)]
  2295 | D:4      | Slain by an ogre

Action                   |  1- 3 |  4- 6 || total
-------------------------+-------+-------++-------
Melee: Unarmed           |    68 |       ||    68
       Whip              |    42 |   126 ||   168
       Mace              |       |     6 ||     6
  Use: Scroll            |       |     9 ||     9
 Stab: Sleeping          |       |     2 ||     2
  Eat: Chunk             |       |     2 ||     2
       Bread ration      |       |     1 ||     1
